 Dungeon Crawl Stone Soup version 0.30-b1-2-g02819fbbbe (webtiles) character file.

Game seed: 12784782707650978835

149 quarry the Shield-Bearer (level 5, 0/46 HPs)
             Began as a Minotaur Fighter on May 14, 2023.
             Frozen to death by an endoplasm (7 damage)
             ... in a sewer.
             The game lasted 00:08:00 (2477 turns).

quarry the Shield-Bearer (Minotaur Fighter)         Turns: 2477, Time: 00:08:01

Health: 0/46       AC:  8    Str: 23    XL:     5   Next: 9%
Magic:  4/4        EV: 10    Int:  5    God:
Gold:   90         SH:  0    Dex:  9    Spells: 4/4 levels left

rFire   + . .        a - +0 long sword
rCold   x . .        (no shield)
rNeg    . . .        b - +0 scale mail
rPois   .            (helmet restricted)
rElec   .            A - +0 cloak {Will+}
rCorr   .            (no gloves)
SInv    .            (no boots)
Will    +....        v - amulet of magic regeneration Stlth
                     k - ring of fire
HPRegen 0.27/turn    (no ring)
MPRegen 0.49/turn

%: no passive effects
@: mighty, very slow
A: horns 2, retaliatory headbutt
a: no special abilities


You were in a sewer.
You visited 1 branch of the dungeon, and saw 3 of its levels.
You also visited: Sewer.

You collected 90 gold pieces.

Inventory:

Hand Weapons
 a - a +0 long sword (weapon)
 y - a +3 quarterstaff of chaos
 B - a +1 hammer of holy wrath
Armour
 b - a +0 scale mail (worn)
 c - a +0 buckler
 A - a +0 cloak of willpower (worn)
Jewellery
 k - a ring of fire (left hand)
 v - an amulet of magic regeneration (around neck)
Wands
 t - a wand of quicksilver (12)
 x - a wand of polymorph (14)
Scrolls
 f - a scroll of amnesia {unknown}
 g - 4 scrolls of immolation {unknown}
 i - a scroll of poison {unknown}
 j - a scroll of torment {unknown}
 l - a scroll of identify {unknown}
 n - a scroll of summoning {unknown}
 r - 2 scrolls of noise {unknown}
 u - 2 scrolls of teleportation {unknown}
 C - a scroll of enchant armour {unknown}
Potions
 e - 2 potions of heal wounds {unknown}
 h - 2 potions of curing {unknown}
 m - a potion of berserk rage {unknown}
 o - a potion of flight {unknown}
 p - a potion of brilliance {unknown}
 q - 2 potions of lignification {unknown}
 s - a potion of mutation {unknown}
 w - a potion of resistance {unknown}
 z - a potion of haste {unknown}


   Skills:
 + Level 4.2 Fighting
 - Level 3.7 Long Blades
 * Level 0.6 Staves
 + Level 4.3 Armour
 + Level 1.0 Dodging
 + Level 1.1 Stealth
 + Level 4.5 Shields
 + Level 0.3 Unarmed Combat


You had 4 spell levels left.
You didn't know any spells.
Your spell library contained the following spells:

 Spells                   Type           Power      Damage    Failure   Level
 Call Canine Familiar     Summ           0%         N/A       98%         3
 Portal Projectile        Hex/Tloc       0%         N/A       98%         3
 Leda's Liquefaction      Hex/Erth       0%         N/A       100%        4


Dungeon Overview and Level Annotations

Branches:
Dungeon (3/15)              Sewer (1/1)

Altars:

Shops:
D:2 =:((


Innate Abilities, Weirdness & Mutations

You have a pair of horns on your head.
You reflexively headbutt those who attack you in melee.


Message History

The poisoned dart closely misses you.
You feel very sick.
The kobold brigand throws a poisoned dart.
The poisoned dart misses you.
You feel very sick. The endoplasm closely misses you.
The endoplasm splashes around in the water.
Your unstable footing causes you to fumble your attack.
You feel sick.
The kobold brigand hits you but does no damage.
The endoplasm splashes around in the water.
You closely miss the kobold brigand.
You feel sick. The kobold brigand closely misses you.
The endoplasm freezes you.
You are frozen!
You feel a terrible chill!
The kobold brigand hits you but does no damage.
Your unstable footing causes you to fumble your attack.
You feel sick.
The endoplasm hits you but does no damage.
The kobold brigand splashes around in the water.
The endoplasm splashes around in the water.
You barely miss the kobold brigand.
You feel sick.
The kobold brigand hits you with a +0 short sword.
The endoplasm splashes around in the water.
You feel very mighty all of a sudden.
You feel sick.
The kobold brigand hits you but does no damage.
The endoplasm splashes around in the water.
Your unstable footing causes you to fumble your attack.
You feel sick.
You are no longer poisoned.
The kobold brigand splashes around in the water.
The endoplasm freezes you.
You are frozen.
You feel a terrible chill!
* * * LOW HITPOINT WARNING * * *
Your unstable footing causes you to fumble your attack.
The kobold brigand barely misses you. The endoplasm freezes you.
You are frozen!
You feel a terrible chill!
You die...

########
#########
.#.#.#.#
#.#.#.#.#
~#~#~#~#
#~#~#~#~#
~#~#~#~#
#~#~#K#~#
~#†#~#†#
#)#~#@#~#
~)~#~~~#
#~~~#~J~#
#~###~##
##~###.##
#~# #~#
#~# #~#
#~###~#
#.###~#
#~~~.~#
#~~~.~#
##..~##
##~~~##
#~~.#
#.~.#
#...#
#~.~#


You could see a kobold brigand and an endoplasm.

Vanquished Creatures
  Crazy Yiuf (D:3)
  Terence (D:3)
  2 adders
  8 worms
  2 dart slugs
  6 ball pythons
  6 endoplasms
  A giant cockroach (D:1)
  2 goblins (D:2)
  A hobgoblin (D:3)
  12 kobolds
  A quokka (D:3)
  3 bats
  9 rats
55 creatures vanquished.

Notes
Turn   | Place    | Note
-------+----------+-------------------------------------------
     0 | D:1      | quarry the Minotaur Fighter began the quest for the Orb.
     0 | D:1      | Reached XP level 1. HP: 19/19 MP: 0/0
   185 | D:1      | Reached XP level 2. HP: 27/27 MP: 1/1
   696 | D:2      | Found Ybeshe Wotue's Jewellery Emporium.
   706 | D:2      | Found Imaus's Book Shoppe.
   710 | D:2      | Reached XP level 3. HP: 26/33 MP: 2/2
   779 | D:2      | Found Ciklodgh's Antique Weapon Shop.
  1173 | D:2      | Found Rolyugg's Weapon Shoppe.
  1757 | D:3      | Noticed Terence
  1775 | D:3      | Killed Terence
  1776 | D:3      | Reached XP level 4. HP: 31/40 MP: 3/3
  1937 | D:3      | Found a runed translucent door.
  1938 | D:3      | Noticed Crazy Yiuf
  1944 | D:3      | Killed Crazy Yiuf
  2040 | D:3      | Reached skill level 1 in Stealth
  2041 | D:3      | Found a glowing drain.
  2056 | Sewer    | Entered a sewer
  2239 | Sewer    | Reached XP level 5. HP: 28/46 MP: 4/4
  2397 | Sewer    | Reached skill level 1 in Dodging
  2477 | Sewer    | Frozen to death by an endoplasm

Illustrated notes

Levels and vault maps discovered:
D:1:      saegor_arrival_simple_d, layout_rooms
D:2:      layout_loops_ring, serial_shops, shop, nicolae_lakefront_shop,
          nicolae_shop_gaudy_bauble, nicolae_shop_real_fake_doors
D:3:      layout_rooms, portal_sewer_entry_b, uniq_terence,
          uniq_crazy_yiuf_cottage
Sewer:    sewer_co_tree

Skill      XL: |  1  2  3  4  5 |
---------------+----------------+-----
Shields        | 4 |  4.5
Fighting       | 4 |  4.2
Armour         | 4 |  4.3
Long Blades    | 3 |  3.7
Stealth        | 1 |  1.1
Dodging        | 1 |  1.0
Staves         | |  0.6
Unarmed Combat | |  0.3

Action                     |  1- 3 |  4- 6 || total
---------------------------+-------+-------++-------
  Melee: Long sword        |    77 |    77 ||   154
         Headbutt          |    17 |    11 ||    28
         Unarmed           |    14 |       ||    14
    Use: Potion            |       |     1 ||     1
   Stab: Confused          |     4 |       ||     4
 Armour: Scale mail        |    32 |    32 ||    64
         Skin              |     1 |       ||     1
  Dodge: Dodged            |    33 |    42 ||    75
  Block: Buckler           |    24 |     1 ||    25
